 Dungeon Crawl Stone Soup version 0.29.1-2-gbd0b4ee654 (webtiles) character file.

Game seed: 15059123083508952584

92313 MTVSty1e the Executioner (level 15, -10/144 HPs)
             Began as a Minotaur Fighter on Oct 31, 2022.
             Was the Champion of Okawaru.
             Killed by divine providence
             ... invoked by an orc high priest
              (17 damage)
             ... on level 2 of the Orcish Mines.
             The game lasted 00:30:11 (24893 turns).

MTVSty1e the Executioner (Minotaur Fighter)        Turns: 24893, Time: 00:30:16

Health: -10/144    AC: 25    Str: 28    XL:     15   Next: 57%
Magic:  21/21      EV:  9    Int:  5    God:    Okawaru [******]
Gold:   2283       SH:  6    Dex: 10    Spells: 14/14 levels left

rFire   . . .      SeeInvis .   R - +9 broad axe (vamp)
rCold   + . .      Faith    .   c - +0 buckler
rNeg    . . .      Spirit   .   M - +0 plate armour {rC+}
rPois   +          Reflect  .   C - +2 hat
rElec   .          Harm     .   r - +0 cloak
rCorr   .          Rampage  .   N - +1 pair of gloves {hurl}
Will    +....                   (no boots)
Stlth   ..........              (no amulet)
HPRegen 0.34/turn               i - +4 ring of protection
MPRegen 0.17/turn               o - ring of poison resistance

@: about to teleport
A: horns 2, retaliatory headbutt
a: Renounce Religion, Heroism, Finesse, Duel


You were on level 2 of the Orcish Mines.
You worshipped Okawaru.
Okawaru was exalted by your worship.
You visited 4 branches of the dungeon, and saw 21 of its levels.

You collected 2403 gold pieces.
You spent 120 gold pieces at shops.

Inventory:

Hand Weapons
 a - a +1 war axe of protection
 h - a +6 vorpal flail
 I - a +0 scimitar of flaming
 P - a +1 vampiric executioner's axe
 R - a +9 vampiric broad axe (weapon)
Armour
 c - a +0 buckler (worn)
 q - a +8 plate armour of ponderousness
 r - a +0 cloak (worn)
 C - a +2 hat (worn)
 M - a +0 plate armour of cold resistance (worn)
 N - a +1 pair of gloves of hurling (worn)
Jewellery
 i - a +4 ring of protection (left hand)
 l - a +4 ring of evasion
 m - a ring of protection from cold
 n - a +4 ring of evasion
 o - a ring of poison resistance (right hand)
 w - a ring of wizardry
 S - a +6 ring of intelligence
 T - a +6 ring of dexterity
 V - a ring of protection from fire
Wands
 d - a wand of light (8)
 k - a wand of flame (52)
 D - a wand of roots (8)
 J - a wand of polymorph (1)
Scrolls
 e - 3 scrolls of enchant weapon
 p - 2 scrolls of silence
 s - 5 scrolls of fog
 u - 2 scrolls of enchant armour
 x - 3 scrolls of magic mapping
 y - 2 scrolls of amnesia
 z - 5 scrolls of identify
 A - 4 scrolls of poison
 G - 6 scrolls of teleportation
 W - 2 scrolls of blinking
Potions
 b - 2 potions of invisibility
 f - 5 potions of berserk rage
 g - 8 potions of curing
 t - 3 potions of haste
 v - 6 potions of mutation
 B - 3 potions of flight
 E - 4 potions of lignification
 F - a potion of ambrosia
 H - 3 potions of attraction
 L - 2 potions of might
 Q - 2 potions of resistance
 X - 2 potions of brilliance
Miscellaneous
 U - a piece from Xom's chessboard (15/15)


   Skills:
 + Level 16.3 Fighting
 * Level 22.0 Axes
 + Level 12.0 Armour
 - Level 4.3 Dodging
 + Level 11.0 Shields
 + Level 9.5 Invocations


You had 14 spell levels left.
You didn't know any spells.
Your spell library contained the following spells:

 Spells                   Type           Power      Damage    Failure   Level
 Magic Dart               Conj           0%         1d3       99%         1
 Sandblast                Erth           0%         2d4       99%         1
 Slow                     Hex            0%         N/A       99%         1
 Ensorcelled Hibernation  Hex/Ice        0%         N/A       100%        2
 Passwall                 Tmut/Erth      0%         N/A       100%        2
 Scorch                   Fire           0%         2d5       100%        2
 Sublimation of Blood     Necr           0%         N/A       100%        2
 Wereblood                Tmut           0%         N/A       100%        2
 Confusing Touch          Hex            0%         N/A       100%        3
 Mephitic Cloud           Conj/Pois/Air  0%         N/A       100%        3
 Portal Projectile        Hex/Tloc       0%         N/A       100%        3
 Spider Form              Tmut/Pois      0%         N/A       100%        3
 Stone Arrow              Conj/Erth      0%         3d7       100%        3
 Swiftness                Air            0%         N/A       100%        3
 Vampiric Draining        Necr           0%         2d6       100%        3
 Anguish                  Hex/Necr       0%         N/A       100%        4
 Flame Wave               Conj/Fire      0%         2d4       100%        4
 Petrify                  Tmut/Erth      0%         N/A       100%        4
 Blade Hands              Tmut           0%         N/A       100%        5
 Metabolic Englaciation   Hex/Ice        0%         N/A       100%        5
 Statue Form              Tmut/Erth      0%         N/A       100%        6
 Chain Lightning          Conj/Air       0%         N/A       100%        9
 Fire Storm               Conj/Fire      0%         5d1       100%        9
 Shatter                  Erth           0%         3d5*      100%        9
 Call Imp                 Summ           Unusable   N/A       N/A         2
 Tukima's Dance           Hex            Unusable   N/A       N/A         3
 Summon Cactus Giant      Summ           Unusable   N/A       N/A         6
 Summon Hydra             Summ           Unusable   N/A       N/A         7

Dungeon Overview and Level Annotations

Branches:
Dungeon (13/15)            Temple (1/1) D:7            Lair (5/5) D:11
 Shoals (0/4) Lair:2       Spider (0/4) Lair:3        Slime (0/5) Lair:5
    Orc (2/2) D:10            Elf (0/3) Orc:2        Vaults (0/5) D:13

Altars:
Ashenzari
Cheibriados
Dithmenos
Elyvilon
Fedhas
Gozag
Hepliaklqana
Kikubaaqudgha
Makhleb
Nemelex Xobeh
Okawaru
Qazlal
Ru
Sif Muna
Trog
Uskayaw
Vehumet
Wu Jian
Xom
Yredelemnul
Zin
The Shining One
Jiyva

Shops:
D:12 *   Orc:2 ?(:[[

Portals:
Trove: D:13 (give +2 gold dragon scales)

Annotations:
D:10 1 runed translucent door, GitaneMais's ghost, journeyman GrFi


Innate Abilities, Weirdness & Mutations

You have a pair of horns on your head.
You reflexively headbutt those who attack you in melee.


Message History

The orc high priest utters an invocation to Beogh.
The soul eater closely misses you.
You barely miss the sun demon.
The sun demon is almost dead.
You slash the soul eater!
The sun demon hits you but does no damage.
The orc high priest hits you but does no damage.
You block the soul eater's attack.
You hit the sun demon.
The sun demon is almost dead.
You slash the soul eater! The sun demon hits you.
You are engulfed in flames!!
* * * LOW HITPOINT WARNING * * *
Unknown command.
Okay, then.
Okay, then.
As you read the scroll of teleportation, it crumbles to dust.
You feel strangely unstable. You block the soul eater's attack.
The orc high priest hits you but does no damage.
The sun demon hits you!
* * * LOW HITPOINT WARNING * * *
You are engulfed in flames!
* * * LOW HITPOINT WARNING * * *
You slash the sun demon!
You kill the sun demon!
The sun demon disappears in a puff of smoke!
You hit the soul eater.
The soul eater hits you but does no damage.
The orc high priest closely misses you.
You closely miss the orc high priest. You slash the soul eater!
You block the orc high priest's attack. You block the soul eater's attack.
The orc high priest barely misses you. You furiously retaliate!
You headbutt the orc high priest, but do no damage.
You hit the orc high priest.
You feel better.
You headbutt the orc high priest!
The orc high priest is lightly wounded.
You slice the soul eater!!
You kill the soul eater!
The soul eater disappears in a puff of smoke!
The orc high priest calls down the wrath of Beogh upon you.
Beogh smites you!
You die...

....#.#.##.#..............#......
.........#####.#.................
......#.########.......#.#.......
.............)...................
.............))..................
####.###.###.)######........##...
#.# #.# #..#...∩#.............
####.###.###)†#)..)#.............
...........))†#)@§.#............#
.###..........##o###....#.......#
.# #..8..)8....o3o...............
.# #.....)....##o###....#........
.###.###'###..#... #...####......
.....#.....#..#... #..## #......
.###.#.....#..#....#..# ##.#.#.
.# #.#.._..#..#...∩#..# ######
.###.#######..######..###### ##..


You could see 2 orc high priests, a sixfirhy (summoned) and 2 orc priests.

Vanquished Creatures
  Gastronok (D:11)
  A sphinx (D:12)
  8 vault guards (D:13)
  3 hydras
  Erolcha (D:11)
  2 catoblepae
  3 centaur warriors
  Erica (D:11)
  A death knight (D:13)
  An alligator (Lair:5)
  2 two-headed ogres
  9 death yaks (Lair:5)
  A tengu warrior (D:13)
  8 orc high priests
  Amaemon (Lair:2)
  5 skeletal warriors (D:13)
  2 orc sorcerers
  A phantasmal warrior (D:13)
  2 deep elf pyromancers (D:12)
  Pikel (D:5)
  An orc knight (D:10)
  A wolf spider (Lair:5)
  A manticore (D:11)
  An ugly thing (D:13)
  2 cyclopes
  23 elephants
  7 black mambas
  3 torpor snails
  A guardian serpent (Lair:5)
  An orange demon (Lair:2)
  23 cane toads
  9 rime drakes
  10 komodo dragons
  Psyche (D:12)
  A kobold demonologist (D:9)
  2 unseen horrors (D:12)
  8 trolls
  10 polar bears (Lair:5)
  Grinder (D:3)
  3 hornets
  2 raiju (Lair:5)
  18 blink frogs
  6 slime creatures
  A dream sheep (Lair:5)
  3 culicivoras (Lair:3)
  Sigmund (D:2)
  2 shadows
  3 vampires
  4 wraiths
  14 wyverns
  27 yaks
  2 redbacks (Lair:5)
  A vampire mosquito (D:12)
  2 basilisks
  A steam dragon (Lair:1)
  Edmund (D:4)
  13 wargs
  2 acid dragons
  13 hell hounds (Lair:5)
  Duvessa (D:5)
  18 water moccasins
  14 black bears
  16 orc warriors
  2 sky beasts (D:8)
  An ice beast (D:5)
  3 ogres
  A centaur (D:10)
  38 wolves
  2 lemures (D:5)
  A kobold brigand (D:11)
  2 phantoms
  2 necrophages
  6 scorpions
  5 gnoll sergeants
  9 bullfrogs
  Dowan (D:5)
  4 howler monkeys
  3 electric eels
  4 crimson imps (D:11)
  3 lava snakes (D:7)
  3 hounds (D:6)
  6 jellies
  5 gnoll boudas
  Crazy Yiuf (D:4)
  29 orc priests
  3 iguanas
  23 orc wizards
  7 hell rats (Lair:3)
  Ijyb (D:3)
  34 gnolls
  4 adders
  2 shadow imps (D:7)
  3 white imps
  An ufetubus (D:6)
  6 worms
  3 dart slugs
  99 orcs
  7 ball pythons
  7 endoplasms
  4 giant cockroaches
  7 goblins
  7 hobgoblins
  8 jackals
  6 quokkas
  6 bats
  6 frilled lizards
  12 kobolds
  3 rats (D:1)
  2 butterflies (Lair:1)
720 creatures vanquished.

Vanquished Creatures (collateral kills)
  An ugly thing (D:7)
1 creature vanquished.

Vanquished Creatures (others)
  27 fungi
  55 plants
82 creatures vanquished.

Grand Total: 803 creatures vanquished

Notes
Turn   | Place    | Note
-------+----------+-------------------------------------------
     0 | D:1      | MTVSty1e the Minotaur Fighter began the quest for the Orb.
     0 | D:1      | Reached XP level 1. HP: 19/19 MP: 0/0
   249 | D:1      | Reached skill level 3 in Axes
   303 | D:1      | Reached XP level 2. HP: 27/27 MP: 1/1
   858 | D:1      | Found a faded altar of an unknown god.
  1007 | D:1      | Reached XP level 3. HP: 27/33 MP: 2/2
  1137 | D:2      | Noticed Sigmund
  1145 | D:2      | Killed Sigmund
  1146 | D:2      | Reached skill level 5 in Fighting
  1146 | D:2      | Reached skill level 5 in Axes
  1146 | D:2      | Reached XP level 4. HP: 23/42 MP: 3/3
  1146 | D:2      | Reached XP level 5. HP: 27/48 MP: 4/4
  2020 | D:3      | Found a snail-covered altar of Cheibriados.
  2240 | D:3      | Reached skill level 6 in Axes
  2435 | D:3      | Noticed Grinder
  2439 | D:3      | Paralysed by Grinder for 5 turns
  2458 | D:3      | Paralysed by Grinder for 2 turns
  2461 | D:3      | Killed Grinder
  2462 | D:3      | Reached skill level 7 in Axes
  2462 | D:3      | Reached XP level 6. HP: 51/57 MP: 5/5
  2498 | D:3      | Noticed Ijyb
  2504 | D:3      | Killed Ijyb
  2715 | D:3      | Found a broken altar of Ashenzari.
  3235 | D:4      | Reached XP level 7. HP: 63/63 MP: 6/6
  3303 | D:4      | Found a shimmering blue altar of Sif Muna.
  3342 | D:4      | Reached skill level 8 in Axes
  3398 | D:4      | Found a white marble altar of Elyvilon.
  3594 | D:4      | Noticed Edmund
  3606 | D:4      | Killed Edmund
  3896 | D:4      | Found a burning altar of Makhleb.
  4108 | D:4      | Found a runed translucent door.
  4109 | D:4      | Noticed Crazy Yiuf
  4233 | D:4      | Killed Crazy Yiuf
  4378 | D:5      | Entered Level 5 of the Dungeon
  4409 | D:5      | Reached skill level 9 in Axes
  4478 | D:5      | Reached XP level 8. HP: 43/73 MP: 7/7
  4592 | D:5      | Reached skill level 10 in Axes
  4849 | D:5      | Noticed Duvessa
  4850 | D:5      | Noticed Dowan
  4855 | D:5      | Killed Duvessa
  4860 | D:5      | Killed Dowan
  4909 | D:5      | Found a radiant altar of Vehumet.
  4909 | D:5      | Noticed Pikel
  4921 | D:5      | Killed Pikel
  4922 | D:5      | Reached skill level 11 in Axes
  5051 | D:5      | Found a shadowy altar of Dithmenos.
  5391 | D:5      | Reached XP level 9. HP: 76/83 MP: 8/8
  5490 | D:6      | Reached skill level 12 in Axes
  5669 | D:6      | Found a sparkling altar of Nemelex Xobeh.
  6295 | D:6      | Reached skill level 13 in Axes
  6473 | D:6      | Found a hide-covered altar of Uskayaw.
  6644 | D:6      | Found a glowing golden altar of the Shining One.
  6744 | D:7      | Reached skill level 10 in Fighting
  6886 | D:7      | Noticed a cyan ugly thing
  6899 | D:7      | HP: 4/85 [cyan ugly thing (12)]
  6900 | D:7      | Killed a cyan ugly thing
  7354 | D:7      | Reached skill level 14 in Axes
  7367 | D:7      | Found a staircase to the Ecumenical Temple.
  7398 | D:7      | Reached XP level 10. HP: 92/94 MP: 9/9
  7410 | Temple   | Entered the Ecumenical Temple
  7424 | Temple   | Became a worshipper of Warmaster Okawaru
  8371 | D:8      | Found a stormy altar of Qazlal.
  8405 | D:8      | Found a hazy altar of Hepliaklqana.
  8854 | D:8      | Noticed a two-headed ogre
  8861 | D:8      | Killed a two-headed ogre
  8861 | D:8      | Reached * piety under Okawaru
  9389 | D:9      | Reached skill level 15 in Axes
  9553 | D:9      | Found a glowing silver altar of Zin.
  9819 | D:9      | Reached ** piety under Okawaru
 10136 | D:10     | Entered Level 10 of the Dungeon
 10384 | D:10     | Noticed a two-headed ogre
 10396 | D:10     | Killed a two-headed ogre
 10800 | D:10     | Reached skill level 16 in Axes
 10900 | D:10     | Found an ancient bone altar of Kikubaaqudgha.
 11134 | D:10     | Found a staircase to the Orcish Mines.
 11153 | D:10     | Found a runed translucent door.
 11154 | D:10     | Found a shimmering altar of Xom.
 11154 | D:10     | Noticed GitaneMais's ghost (journeyman GrFi)
 11154 | D:10     | Noticed a +3 morningstar of chaos
 11366 | D:11     | Found a staircase to the Lair.
 11419 | D:11     | Noticed Erolcha
 11438 | D:11     | Killed Erolcha
 11438 | D:11     | Reached *** piety under Okawaru
 11439 | D:11     | Reached XP level 11. HP: 78/104 MP: 8/10
 11579 | D:11     | Noticed Erica
 11604 | D:11     | Killed Erica
 11604 | D:11     | Received a gift from Okawaru
 11617 | D:11     | Noticed Gastronok
 11633 | D:11     | Reached skill level 1 in Invocations
 11644 | D:11     | Killed Gastronok
 11644 | D:11     | Reached **** piety under Okawaru
 12220 | D:11     | Found a shimmering altar of Xom.
 12646 | Lair:1   | Entered Level 1 of the Lair of Beasts
 12655 | Lair:1   | Reached skill level 5 in Armour
 12656 | Lair:1   | Reached skill level 5 in Shields
 12657 | Lair:1   | Reached ***** piety under Okawaru
 12662 | D:11     | Reached skill level 17 in Axes
 13014 | Lair:1   | Noticed a four-headed hydra
 13026 | Lair:1   | Killed a two-headed hydra
 13036 | Lair:1   | Received a gift from Okawaru
 13654 | Lair:1   | Noticed a catoblepas
 13666 | Lair:1   | Killed a catoblepas
 13741 | Lair:1   | Reached XP level 12. HP: 105/115 MP: 10/13
 14367 | Lair:2   | Noticed a seven-headed hydra
 14375 | Lair:2   | Killed a three-headed hydra
 14464 | Lair:2   | Noticed Amaemon
 14474 | Lair:2   | Killed Amaemon
 14601 | Lair:2   | Identified the +9 dagger "Feteneps" {vamp, rElec}
 14635 | Lair:2   | Reached skill level 18 in Axes
 15072 | Lair:2   | Identified the +6 rapier of Okawaru's Wrath {vorpal, rF++
                  | rN+} (Okawaru gifted it to you on level 2 of the Lair of
                  | Beasts)
 15072 | Lair:2   | Received a gift from Okawaru
 15192 | Lair:2   | Reached skill level 5 in Invocations
 15251 | Lair:2   | Found a staircase to the Shoals.
 16280 | Lair:3   | Received a gift from Okawaru
 16288 | Lair:3   | Reached XP level 13. HP: 93/124 MP: 16/16
 17095 | Lair:3   | Found a hole to the Spider Nest.
 17191 | Lair:3   | Reached skill level 1 in Dodging
 17357 | Lair:4   | Reached skill level 19 in Axes
 17970 | Lair:4   | Received a gift from Okawaru
 17997 | Lair:4   | Found the +4 skin of Zhor {*Englaciate rC+++ SInv}
 18014 | Lair:4   | Reached ****** piety under Okawaru
 18019 | Lair:4   | Received a gift from Okawaru
 18323 | Lair:5   | Entered Level 5 of the Lair of Beasts
 18686 | Lair:5   | Received a gift from Okawaru
 18726 | Lair:5   | Reached skill level 20 in Axes
 18747 | Lair:5   | Reached XP level 14. HP: 133/133 MP: 18/18
 18882 | Lair:5   | Reached skill level 15 in Fighting
 18897 | Lair:5   | Reached skill level 10 in Armour
 18956 | Lair:5   | Received a gift from Okawaru
 18956 | Lair:5   | Found the +5 scythe "Finisher" {speed, eviscerate}
 18987 | Lair:5   | Found a viscous altar of Jiyva.
 18987 | Lair:5   | Found a staircase to the Slime Pits.
 19698 | Lair:5   | Received a gift from Okawaru
 19943 | Lair:5   | Reached skill level 21 in Axes
 20851 | D:12     | Noticed Psyche
 20854 | D:12     | Killed Psyche
 21022 | D:12     | Found Oprissown's Assorted Antiques.
 21025 | D:12     | Bought a scroll labelled SISTYA XOCOESCH for 30 gold pieces
 21040 | D:12     | Received a gift from Okawaru
 21391 | D:12     | Reached skill level 10 in Shields
 21807 | D:12     | Found a runed translucent door.
 21922 | D:12     | Reached XP level 15. HP: 130/143 MP: 20/20
 21978 | D:12     | Noticed a sphinx
 21984 | D:12     | Killed a sphinx
 22466 | D:13     | Received a gift from Okawaru
 22919 | D:13     | Found a portal to a secret trove of treasure.
 23203 | D:13     | Found a gate to the Vaults.
 23221 | D:13     | Identified the +8 battleaxe "Worm's Wrath" {freeze, rElec
                  | rC+ Str+4 Dex+4} (Okawaru gifted it to you on level 13 of
                  | the Dungeon)
 23221 | D:13     | Received a gift from Okawaru
 23539 | Orc:1    | Entered Level 1 of the Orcish Mines
 24172 | Orc:2    | Entered Level 2 of the Orcish Mines
 24501 | Orc:2    | Found a staircase to the Elven Halls.
 24560 | Orc:2    | Reached skill level 22 in Axes
 24564 | Orc:2    | Found Gugoaror's Book Shoppe.
 24564 | Orc:2    | Found Guczoll's Antique Weapon Shop.
 24661 | Orc:2    | Found Yrhag's Magic Scroll Emporium.
 24674 | Orc:2    | Bought a scroll of blinking for 90 gold pieces
 24859 | Orc:2    | Found Xiorchybo's Armour Shop.
 24859 | Orc:2    | Found Wilepaeng's Antique Armour Shoppe.
 24890 | Orc:2    | HP: 5/144 [sun demon[an orc high priest] (16)]
 24893 | Orc:2    | Killed from afar by an orc high priest

Illustrated notes

Levels and vault maps discovered:
D:1:      dpeg_arrival_morbid_curiosity, layout_loops_corners,
          ebering_ecumenical_altar_rust
D:2:      layout_basic, uniq_sigmund
D:3:      layout_basic, evilmike_ruin_ashenzari,
          mainiacjoe_overflow_concentric_impassable, uniq_grinder, uniq_ijyb
D:4:      layout_loops_ring, nicolae_sif_muna_little_library,
          kennysheep_little_box, elyvilon_altar_1, uniq_crazy_yiuf_cottage,
          uniq_edmund
D:5:      layout_basic, mainiacjoe_overflow_small_starburst,
          mainiacjoe_overflow_paths, uniq_pikel, uniq_duvessa
D:6:      layout_cave_pools, mainiacjoe_overflow_alcove_1,
          mainiacjoe_overflow_brackets, nicolae_uskayaw_suspiria,
          serial_gnoll_camp, gnoll_camp_huts_moat, gnoll_camp_mini_basic,
          gnoll_camp_mini_hut, gnoll_camp_mini_loothouse
D:7:      kennysheep_big_flooded_room, layout_layer_cave,
          minmay_temple_entry_gardened_gates
D:8:      layout_basic, mainiacjoe_overflow_six_doors_small,
          mainiacjoe_overflow_catwalk, minmay_circle_x
D:9:      kennysheep_spiral_hall, layout_loops_ring,
          mainiacjoe_overflow_surrounded_room, dreamdust_deal_with_the_devil
D:10:     layout_irregular_city, kiku_gazebo_pond_becter, hiddenorc1_lemuel,
          ebering_ghost_xom
D:11:     layout_big_octagon, lair_entry_dummy, serial_park, serial_park_square3
          [serial_park_minivault_5x5_1], serial_park_tiny_1, serial_park_gazebo
          [serial_park_minivault_5x5_4], serial_park_tiny_1,
          kennysheep_big_empty_room, dk_vineyard_2, led_xom_imps, uniq_erica,
          uniq_gastronok, uniq_erolcha
D:12:     layout_roguey [special_room_orc], serial_shops, shop, serial_rivers,
          chequers_serial_rivers_large_b, chequers_serial_rivers_small_b,
          chequers_serial_rivers_micro_b, chequers_serial_rivers_small_b,
          chequers_serial_rivers_micro_d, chequers_serial_rivers_micro_a,
          lightli_airlock, uniq_psyche
D:13:     layout_basic, erik_vaults_2, enter_trove_0
Temple:   hellmonk_temple_rainy
Lair:1:   layout_regular_city, lemuel_fruit_fields
Lair:2:   layout_regular_city, shoals_dummy_entry,
          nicolae_quartered_pool_medium, uniq_amaemon
Lair:3:   layout_regular_city, hellmonk_spider_entry_life_and_decay,
          beast_lair_carwin_1, grunt_megastairs_1, infiniplex_staircase_pool_2
Lair:4:   layout_cellular_growth, st_stairs_13, hellmonk_guarded_unrand_zhor,
          lemuel_fruit_tree
Lair:5:   hangedman_lair_caniforms_friends, layout_cave_pods,
          hangedman_lair_tendril_chambers, minmay_slime_entry_pillars
Orc:1:    layout_caves, uniq_jorgrun
Orc:2:    st_orc_town, layout_caves, serial_shops, shop

Skill      XL: |  1  2  3  4  5  6  7  8  9 10 11 12 13 14 15 |
---------------+----------------------------------------------+-----
Axes           | 3 5 7 9 11 14 16 17 18 20 21 22 | 22.0
Fighting       | 4 5 6 7 9 10 12 13 14 15 16 | 16.3
Shields        | 6 8 10 11 | 11.0
Armour         | 6 8 9 11 12 | 12.0
Invocations    | 3 5 7 8 9 |  9.5
Dodging        | 4 |  4.3

Action                   |  1- 3 |  4- 6 |  7- 9 | 10-12 | 13-15 || total
-------------------------+-------+-------+-------+-------+-------++-------
Melee: War axe           |    62 |    65 |   307 |   532 |    13 ||   979
       Headbutt          |    10 |     9 |    62 |   112 |   182 ||   375
       Scimitar          |       |       |       |    27 |     4 ||    31
       Executioner's axe |       |       |       |       |   191 ||   191
       Broad axe         |       |       |       |       |   706 ||   706
Invok: Heroism           |       |       |       |     6 |     5 ||    11
  Use: Potion            |     1 |       |     4 |     5 |     3 ||    13
       Scroll            |       |    11 |     4 |     8 |    12 ||    35
Armor: Scale mail        |    32 |    32 |   170 |   103 |       ||   337
       Plate armour      |       |       |       |   253 |   671 ||   924
Dodge: Dodged            |    33 |    21 |   129 |   187 |   386 ||   756
Block: Buckler           |    14 |    15 |    45 |   126 |   202 ||   402
